 Dungeon Crawl Stone Soup version 0.28.0 (webtiles) character file.

Game seed: 3574839500615139952

62 Skilfsilihog the Conjurer (level 4, -6/30 HPs)
             Began as a Human Conjurer on Feb 20, 2022.
             Mangled by a gnoll (10 damage)
             ... on level 2 of the Dungeon.
             The game lasted 00:03:34 (1462 turns).

Skilfsilihog the Conjurer (Human Conjurer)          Turns: 1462, Time: 00:03:35

Health: -6/30      AC:  3    Str: 14    XL:     4   Next: 28%
Magic:  1/7        EV: 12    Int: 20    God:
Gold:   93         SH:  0    Dex: 11    Spells: 4/7 levels left

rFire   . . .      SeeInvis .   b - +0 hand axe
rCold   . . .      Faith    .   (no shield)
rNeg    . . .      Spirit   .   a - +0 robe
rPois   .          Reflect  .   (no helmet)
rElec   .          Harm     .   (no cloak)
rCorr   .          Rampage  .   (no gloves)
Will    .....                   e - +0 pair of boots
Stlth   ++........              (no amulet)
HPRegen 0.10/turn               d - +6 ring of strength
MPRegen 0.10/turn               (no ring)

@: very slightly contaminated
A: no striking features
a: no special abilities


You were on level 2 of the Dungeon.
You visited 1 branch of the dungeon, and saw 2 of its levels.

You collected 93 gold pieces.

Inventory:

Hand Weapons
 b - a +0 hand axe (weapon)
Armour
 a - a +0 robe (worn)
 e - a +0 pair of boots (worn)
Jewellery
 d - a +6 ring of strength (left hand)
Wands
 h - a wand of digging (2)
Scrolls
 f - a scroll of noise {unknown}
 g - a scroll of identify {unknown}
 j - a scroll of immolation {unknown}
Potions
 c - a potion of heal wounds {unknown}
 i - a potion of invisibility {unknown}
 k - 2 potions of haste {unknown}


   Skills:
 - Level 2.0 Dodging
 - Level 2.0 Stealth
 - Level 2.0 Spellcasting
 + Level 5.5 Conjurations


You had 4 spell levels left.
You knew the following spells:

 Your Spells              Type           Power      Damage    Failure   Level
a - Magic Dart            Conj           96%        1d7       1%          1
b - Searing Ray           Conj           48%        2d6       2%          2

Your spell library contained the following spells:

 Spells                   Type           Power      Damage    Failure   Level
 Foxfire                  Conj/Fire      52%        2x1d6     4%          1
 Conjure Flame            Conj/Fire      13%        6-21      16%         3
 Dazzling Flash           Conj/Hex       26%        N/A       16%         3
 Inner Flame              Hex/Fire       2%         N/A       43%         3
 Flame Wave               Conj/Fire      13%        2d6       45%         4
 Fulminant Prism          Conj/Hex       6%         3d7       45%         4
 Iskenderun's Mystic Bla  Conj/Tloc      13%        2d5       45%         4


Dungeon Overview and Level Annotations

Branches:
Dungeon (2/15)

Altars:


Message History

An adder comes into view.
An endoplasm comes into view.
Things that are here:
a +0 spear; a scroll labelled VYKHLU ITTE; a gnoll corpse The adder hisses angrily.
The adder closely misses you. The gnoll barely misses you.
You see here a giant cockroach corpse.
Casting: Magic Dart (safe; 1% risk of failure)
Confirm with . or Enter, or press ? or * to list all spells.
Aiming: Searing Ray (safe; 2% risk of failure)
Press: ? - help, Shift-Dir - straight line, f/p - gnoll
Aim: a gnoll, wielding a +0 mace of holy wrath (almost dead, strong, 81% to hit)
The searing ray hits the gnoll!
You kill the gnoll!
The searing ray hits the adder!
The adder is almost dead. (Press . to maintain the ray.)
You have reached level 4!
You feel stronger.
The searing ray hits the adder.
You kill the adder!
The searing ray hits the gnoll.
The gnoll is heavily wounded.
There is a stone staircase leading up here.
The gnoll hits you with a +0 flail!
* * * LOW HITPOINT WARNING * * *
The gnoll closely misses you.
Casting: Searing Ray (safe; 2% risk of failure)
Confirm with . or Enter, or press ? or * to list all spells.
You don't know that spell.
Unknown command.
Casting: Searing Ray (safe; 2% risk of failure)
Confirm with . or Enter, or press ? or * to list all spells.
Aiming: Searing Ray (safe; 2% risk of failure)
Press: ? - help, Shift-Dir - straight line, f - gnoll
Aim: a gnoll, wielding a +0 flail (moderately wounded, 82% to hit)
You miscast Searing Ray.
You are very lightly contaminated with residual magic.
Nothing appears to happen.
The gnoll hits you with a +0 flail!
You die...

######### #####
#.......#
##...######.#####.#
#.###.#...#.#####.######
#.#.....#..............#
#.#.#.#.<.#.#####.####.#
##...######.#####.# #.#
##.## #...g@..# #.## #.#
########## #..# #.#
#.....# ##.# #.# #.....#
#.# ####.### #..<..#
###.# .......# #.....#
#...# .###.#.#
#.....######.###
.###.#.# ###..........#
.##..#.# #########..#


You could see a gnoll.

Vanquished Creatures
  An adder (D:2)
  2 gnolls (D:2)
  A dart slug (D:1)
  A worm (D:2)
  3 ball pythons
  2 bats
  2 endoplasms (D:1)
  3 giant cockroaches
  3 goblins (D:1)
  A hobgoblin (D:1)
  2 jackals (D:1)
  2 quokkas
  5 frilled lizards
  A rat (D:2)
29 creatures vanquished.

Notes
Turn   | Place    | Note
-------+----------+-------------------------------------------
     0 | D:1      | Skilfsilihog the Human Conjurer began the quest for the
                  | Orb.
     0 | D:1      | Reached XP level 1. HP: 13/13 MP: 3/3
   245 | D:1      | Reached XP level 2. HP: 19/19 MP: 1/5
   248 | D:1      | Learned a level 2 spell: Searing Ray
   488 | D:1      | You fall into a shaft and drop 1 floor!
   566 | D:2      | Found a faded altar of an unknown god.
   700 | D:2      | Reached XP level 3. HP: 24/24 MP: 4/6
   918 | D:1      | Reached skill level 5 in Conjurations
  1425 | D:2      | Reached XP level 4. HP: 8/30 MP: 2/7
  1462 | D:2      | Mangled by a gnoll

Illustrated notes

Levels and vault maps discovered:
D:1:      lightli_arrival_lavapool, layout_basic, minmay_domino_2
D:2:      layout_loops_cross, ebering_ecumenical_altar_box, st_stairs_8,
          kennysheep_generic_room_11

Skill      XL: |  1  2  3 |
---------------+----------+-----
Conjurations   | 5 |  5.5
Dodging        | |  2.0
Stealth        | |  2.0
Spellcasting   | |  2.0

Action                   |  1- 3 |  4- 6 || total
-------------------------+-------+-------++-------
Melee: Hand axe          |     3 |       ||     3
 Cast: Magic Dart        |    52 |       ||    52
       Searing Ray       |     1 |       ||     1
Armor: Robe              |     1 |       ||     1
Dodge: Dodged            |     7 |     1 ||     8
